 Dungeon Crawl Stone Soup version 0.26.1-11-gd32895ea62 (webtiles) character file.

Game seed: 2567567293459814502

2852 Almogavar the Fighter (level 9, 0/78 HPs)
             Began as a Gnoll Wanderer on July 11, 2021.
             Was an Initiate of Okawaru.
             Succumbed to a scorpion's poison
             ... on level 8 of the Dungeon.
             The game lasted 00:27:37 (10843 turns).

Almogavar the Fighter (Gnoll Wanderer)             Turns: 10843, Time: 00:27:37

Health: 0/78       AC:  9    Str: 19    XL:     9   Next: 75%
Magic:  0/15       EV: 15    Int: 15    God:    Okawaru [......]
Gold:   439        SH:  5    Dex: 13    Spells: 17/17 levels left

rFire    + + .     SeeInvis .   y - +0 flail (holy)
rCold    . . .     Faith    .   d - +0 buckler
rNeg     . . .     Spirit   +   P - +2 robe {rF+}
rPois    .         Reflect  .   (no helmet)
rElec    .         Harm     .   (no cloak)
rCorr    .         Rampage  .   i - +0 pair of gloves
Will     .....                  (no boots)
Stlth    +++.......             t - amulet of guardian spirit
HPRegen  0.23/turn              O - ring of protection from fire
MPRegen  0.14/turn              U - +4 ring of protection

@: lethally poisoned (0 -> -1)
A: distributed training, fangs 1, strong nose
a: Renounce Religion


You were on level 8 of the Dungeon.
You worshipped Okawaru.
Okawaru was noncommittal.
You visited 2 branches of the dungeon, and saw 9 of its levels.
You also visited: Ossuary.

You collected 439 gold pieces.

Inventory:

Hand Weapons
 m - a +0 hunting sling
 y - a +0 flail of holy wrath (weapon)
 S - a +0 shortbow
Missiles
 a - 6 boomerangs of dispersal
 b - 3 throwing nets (quivered)
 f - 21 poisoned darts
 h - 153 stones
 r - 43 bolts
 v - 114 arrows
 B - 8 boomerangs
 K - 74 sling bullets
Armour
 d - a +0 buckler (worn)
 i - a +0 pair of gloves (worn)
 s - a cursed +0 kite shield
 w - a +0 ring mail
 J - a +0 chain mail
 M - a +0 scale mail
 P - a +2 robe of fire resistance (worn)
Magical Staves
 C - an uncursed staff of fire {unknown}
 V - an uncursed staff of death {unknown}
Jewellery
 q - an uncursed amulet of magic regeneration
 t - an amulet of guardian spirit (around neck)
 O - a ring of protection from fire (left hand)
 T - an uncursed ring of see invisible
 U - a +4 ring of protection (right hand)
Wands
 e - a wand of disintegration (6)
 p - a wand of digging (3)
 x - a wand of polymorph (1)
 L - a wand of flame (19)
 Q - a wand of enslavement (8)
 W - a wand of acid (8)
Scrolls
 c - 9 scrolls of teleportation
 g - 8 scrolls of remove curse
 j - 3 scrolls of enchant weapon
 l - 4 scrolls of fear
 n - 5 scrolls of magic mapping
 u - 2 scrolls of fog
 A - 3 scrolls of amnesia {unknown}
 G - 2 scrolls of blinking {unknown}
 H - a scroll of silence {unknown}
 R - a scroll of enchant armour {unknown}
Potions
 k - 3 potions of flight
 o - 3 potions of lignification
 z - 2 potions of curing
 D - 3 potions of might {unknown}
 E - a potion of mutation {unknown}
 F - 2 potions of magic {unknown}
 I - 5 potions of degeneration {unknown}
 N - a potion of heal wounds {unknown}
 X - 2 potions of brilliance {unknown}


   Skills:
 + Level 9.7 Fighting
 + Level 4.5 Short Blades
 + Level 4.5 Long Blades
 + Level 5.3 Axes
 + Level 4.5 Maces & Flails
 + Level 4.5 Polearms
 + Level 4.5 Staves
 + Level 4.5 Slings
 + Level 4.5 Bows
 + Level 4.5 Crossbows
 + Level 4.5 Throwing
 + Level 4.5 Armour
 + Level 6.5 Dodging
 + Level 4.5 Stealth
 + Level 6.5 Shields
 + Level 5.3 Unarmed Combat
 + Level 4.5 Spellcasting
 + Level 3.7 Conjurations
 + Level 3.7 Hexes
 + Level 3.7 Summonings
 + Level 3.7 Necromancy
 + Level 3.7 Translocations
 + Level 3.7 Transmutations
 + Level 3.7 Fire Magic
 + Level 3.7 Ice Magic
 + Level 3.7 Air Magic
 + Level 3.7 Earth Magic
 + Level 3.7 Poison Magic
 + Level 5.0 Invocations
 + Level 4.5 Evocations


You had 17 spell levels left.
You didn't know any spells.
Your spell library contained the following spells:

 Spells                   Type           Power        Failure   Level
 Corona                   Hex            15%          3%          1
 Slow                     Hex            14%          5%          2
 Inner Flame              Hex/Fire       14%          11%         3
 Portal Projectile        Hex/Tloc       28%          11%         3
 Cause Fear               Hex            7%           36%         4
 Leda's Liquefaction      Hex/Erth       7%           36%         4


Dungeon Overview and Level Annotations

Branches:
Dungeon (8/15)             Temple (1/1) D:7         Ossuary (visited)
   Lair: D:8-11

Altars:
Ashenzari
Cheibriados
Fedhas
Hepliaklqana
Makhleb
Nemelex Xobeh
Okawaru
Vehumet
Zin
The Shining One

Shops:
D:4 *


Innate Abilities, Weirdness & Mutations

Your experience applies equally to all skills.
You have very sharp teeth.
Your uncanny sense of smell can sniff out nearby items.


Message History

* * * LOW HITPOINT WARNING * * *
You barely miss the scorpion.
The scorpion is severely wounded.
The scorpion completely misses you.
You hit the scorpion but do no damage.
You bite the scorpion, but do no damage.
The scorpion is severely wounded.
You feel sick.
The scorpion stings you but does no damage.
You sock the scorpion!
You kill the scorpion!
Okawaru accepts your kill.
You hit the ogre but do no damage.
The ogre is almost dead.
The ogre hits you with a +0 giant club!!
* * * LOW HITPOINT WARNING * * *
You hit the ogre.
You kill the ogre!
Okawaru accepts your kill.
You die...

.............#
.....##..##......#
..........####....
..>..###.#####
####
.....#.....†.#
.............#
........)....#
(.......#....#
(.......#@...#
........)....#
(...(...#......#
.##..(..#..#...#
..........#...##
.....#....#..##
....####....##
!... ####.# #.. ##


There were no monsters in sight!

Vanquished Creatures
  Prince Ribbit (D:6)
  A wraith (Ossuary)
  2 humans (D:7)
  3 ice beasts
  A sky beast (D:5)
  5 ogres
  A phantom (D:7)
  2 centaurs
  Blork the orc (D:5)
  A water moccasin zombie (D:7)
  A scorpion (D:8)
  A water moccasin skeleton (D:5)
  A bullfrog zombie (D:5)
  3 hounds
  7 orc wizards
  6 orc priests
  A jelly (D:6)
  Jessica (D:2)
  A centaur skeleton (D:6)
  Natasha (thrice) (D:3)
  2 iguanas
  2 worker ants (D:7)
  A mummy (Ossuary)
  A hound skeleton (D:6)
  5 gnolls
  6 adders
  A shadow imp (D:5)
  3 ufetubi
  3 oozes
  3 worms
  4 dart slugs
  7 leopard geckos
  24 orcs
  4 ball pythons
  10 bats
  5 giant cockroaches
  7 goblins
  6 hobgoblins
  7 jackals
  3 quokkas
  4 frilled lizards
  7 gnoll skeletons (Ossuary)
  12 kobolds
  10 kobold skeletons (Ossuary)
  8 orc skeletons (Ossuary)
  5 rats
193 creatures vanquished.

Vanquished Creatures (others)
  A centaur (D:8)
  An orc wizard (D:8)
2 creatures vanquished.

Grand Total: 195 creatures vanquished

Notes
Turn   | Place    | Note
-------+----------+-------------------------------------------
     0 | D:1      | Almogavar the Gnoll Wanderer began the quest for the Orb.
     0 | D:1      | Almogavar set off with the following items: a +0 club, 2
                  | throwing nets, a scroll of teleportation, a +0 buckler, a
                  | +0 leather armour
     0 | D:1      | Reached XP level 1. HP: 26/26 MP: 1/1
   201 | D:1      | Reached XP level 2. HP: 33/33 MP: 2/2
   418 | D:1      | Reached XP level 3. HP: 34/38 MP: 3/3
   560 | D:1      | Reached skill level 1 in Invocations
  1057 | D:2      | Reached skill level 1 in Short Blades
  1057 | D:2      | Reached skill level 1 in Long Blades
  1057 | D:2      | Reached skill level 1 in Maces & Flails
  1057 | D:2      | Reached skill level 1 in Polearms
  1057 | D:2      | Reached skill level 1 in Staves
  1057 | D:2      | Reached skill level 1 in Slings
  1057 | D:2      | Reached skill level 1 in Bows
  1057 | D:2      | Reached skill level 1 in Crossbows
  1057 | D:2      | Reached skill level 1 in Throwing
  1057 | D:2      | Reached skill level 1 in Armour
  1057 | D:2      | Reached skill level 1 in Stealth
  1057 | D:2      | Reached skill level 1 in Spellcasting
  1057 | D:2      | Reached skill level 1 in Evocations
  1350 | D:2      | Reached XP level 4. HP: 45/45 MP: 5/5
  1593 | D:2      | Noticed Jessica
  1608 | D:2      | Killed Jessica
  1609 | D:2      | Reached skill level 1 in Conjurations
  1609 | D:2      | Reached skill level 1 in Hexes
  1609 | D:2      | Reached skill level 1 in Summonings
  1609 | D:2      | Reached skill level 1 in Necromancy
  1609 | D:2      | Reached skill level 1 in Translocations
  1609 | D:2      | Reached skill level 1 in Transmutations
  1609 | D:2      | Reached skill level 1 in Fire Magic
  1609 | D:2      | Reached skill level 1 in Ice Magic
  1609 | D:2      | Reached skill level 1 in Air Magic
  1609 | D:2      | Reached skill level 1 in Earth Magic
  1609 | D:2      | Reached skill level 1 in Poison Magic
  2613 | D:2      | Reached XP level 5. HP: 51/51 MP: 6/6
  2615 | D:2      | Found a broken altar of Ashenzari.
  2855 | D:3      | Found a snail-covered altar of Cheibriados.
  2999 | D:3      | Noticed Natasha
  3025 | D:3      | Killed Natasha
  3074 | D:3      | Found a blossoming altar of Fedhas.
  3278 | D:3      | Noticed Natasha
  3296 | D:3      | Reached XP level 6. HP: 32/57 MP: 4/8
  3309 | D:3      | Killed Natasha
  3326 | D:3      | Noticed Natasha
  3881 | D:3      | Killed Natasha
  3882 | D:3      | Reached skill level 5 in Dodging
  3882 | D:3      | Reached skill level 5 in Shields
  4359 | D:4      | Found a sand-covered staircase.
  4369 | Ossuary  | Entered an ossuary
  4369 | Ossuary  | Noticed a wraith
  4369 | Ossuary  | Noticed a wraith
  4369 | Ossuary  | Noticed a wraith
  4529 | Ossuary  | Noticed a wraith
  4551 | Ossuary  | Killed a wraith
  4552 | Ossuary  | Reached XP level 7. HP: 11/63 MP: 1/10
  5213 | D:4      | Found Xyxtou's General Store.
  5757 | D:4      | Found a radiant altar of Vehumet.
  5973 | D:5      | Entered Level 5 of the Dungeon
  6052 | D:5      | Reached skill level 9 in Fighting
  6483 | D:5      | Reached XP level 8. HP: 16/71 MP: 3/12
  6974 | D:5      | Noticed Blork the orc
  7050 | D:5      | Killed Blork the orc
  7914 | D:5      | Found a sparkling altar of Nemelex Xobeh.
  8002 | D:6      | Noticed Prince Ribbit
  8035 | D:6      | Killed Prince Ribbit
  8509 | D:6      | Reached XP level 9. HP: 56/77 MP: 10/14
  8688 | D:6      | Found a glowing silver altar of Zin.
  9242 | D:7      | Found an iron altar of Okawaru.
  9336 | D:7      | Reached skill level 5 in Axes
  9336 | D:7      | Reached skill level 5 in Unarmed Combat
  9377 | D:7      | Became a worshipper of Warmaster Okawaru
 10427 | D:7      | Found a staircase to the Ecumenical Temple.
 10438 | Temple   | Entered the Ecumenical Temple
 10489 | D:7      | Reached skill level 5 in Invocations
 10682 | D:7      | Found a burning altar of Makhleb.
 10682 | D:7      | Noticed a green death
 10686 | D:7      | Noticed a smoke demon
 10842 | D:8      | HP: 1/78 [ogre/+0 giant club (18)]
 10843 | D:8      | Succumbed to a scorpion's poison

Illustrated notes

Levels and vault maps discovered:
D:1:      dpeg_arrival_arbitrary_c, layout_rooms, kennysheep_minor_cross,
          serial_bayou_pond_e, minmay_tetromino_l2
D:2:      layout_loops_corners, lemuel_coloured_pillars_altar, minmay_ruptured,
          uniq_jessica
D:3:      layout_basic, kennysheep_slug_shrine, fedhas_altar_4, uniq_natasha
D:4:      layout_loops_cross, lemuel_doored_altar, chequers_ossuary_entry_cave,
          serial_shops, shop
D:5:      layout_loops_ring, kennysheep_mini, uniq_blork_the_orc
D:6:      layout_cave_pools, general_overflow_altar, minmay_misc_feat_alley,
          corner_web_ring, uniq_prince_ribbit1
D:7:      layout_rooms, okawaru_humans, minmay_temple_entry_glassed_door,
          serial_aquarium, aquarium_bridge_square [aquarium_subvault_bridge,
          aquarium_subvault_bridge, aquarium_subvault_bridge,
          aquarium_subvault_balcony], aquarium_window_fake, aquarium_window_3,
          aquarium_window_1, aquarium_view_2a, aquarium_balcony_double_3,
          aquarium_pool_1, minmay_misc_feat_tiny, makhleb_altar_promises_db
D:8:      layout_cave_pools, kennysheep_little_box, xom_confusion_cloud
Temple:   cyrus_circular_temple

Skill      XL: |  1  2  3  4  5  6  7  8  9 |
---------------+----------------------------+-----
Invocations    | 1 2 3 4 5 |  5.0
Short Blades   | 1 2 3 4 |  4.5
Long Blades    | 1 2 3 4 |  4.5
Maces & Flails | 1 2 3 4 |  4.5
Polearms       | 1 2 3 4 |  4.5
Staves         | 1 2 3 4 |  4.5
Slings         | 1 2 3 4 |  4.5
Bows           | 1 2 3 4 |  4.5
Crossbows      | 1 2 3 4 |  4.5
Throwing       | 1 2 3 4 |  4.5
Armour         | 1 2 3 4 |  4.5
Stealth        | 1 2 3 4 |  4.5
Spellcasting   | 1 2 3 4 |  4.5
Evocations     | 1 2 3 4 |  4.5
Conjurations   | 1 2 3 |  3.7
Hexes          | 1 2 3 |  3.7
Summonings     | 1 2 3 |  3.7
Necromancy     | 1 2 3 |  3.7
Translocations | 1 2 3 |  3.7
Transmutations | 1 2 3 |  3.7
Fire Magic     | 1 2 3 |  3.7
Ice Magic      | 1 2 3 |  3.7
Air Magic      | 1 2 3 |  3.7
Earth Magic    | 1 2 3 |  3.7
Poison Magic   | 1 2 3 |  3.7
Axes           | 3 4 5 |  5.3
Unarmed Combat | 3 4 5 |  5.3
Dodging        | 5 6 |  6.5
Shields        | 5 6 |  6.5
Fighting       | 9 |  9.7

Action                   |  1- 3 |  4- 6 |  7- 9 || total
-------------------------+-------+-------+-------++-------
Melee: Club              |   132 |   187 |       ||   319
       Bite              |    13 |    32 |    50 ||    95
       Unarmed           |       |    15 |       ||    15
       Flail             |       |    42 |   368 ||   410
 Fire: Hunting sling     |       |    23 |   225 ||   248
Evoke: Wand              |       |       |     8 ||     8
  Use: Scroll            |     3 |     4 |     4 ||    11
       Potion            |       |     2 |     1 ||     3
 Stab: Distracted        |     2 |       |       ||     2
       Sleeping          |     1 |     2 |     4 ||     7
Armor: Leather armour    |    28 |    60 |    31 ||   119
       Robe              |       |       |    42 ||    42
Dodge: Dodged            |   108 |   204 |   255 ||   567
Block: Buckler           |    33 |    53 |   102 ||   188
